 Dungeon Crawl Stone Soup version 0.20.1-1-g8b1a95d (webtiles) character file.

4787 vomix the Fighter (level 10, -13/100 HPs)
             Began as a Minotaur Berserker on Aug 10, 2017.
             Was an Elder of Trog.
             Mangled by a very large slime creature (60 damage)
             ... on level 9 of the Dungeon.
             The game lasted 00:18:14 (7415 turns).

vomix the Fighter (Minotaur Berserker)              Turns: 7415, Time: 00:18:15

Health: -13/100    AC: 13    Str: 22    XL:     10   Next: 24%
Magic:  9/9        EV: 13    Int:  4    God:    Trog [****..]
Gold:   472        SH:  0    Dex: 13    Spells: 9/9 levels left

rFire    . . .     SeeInvis .   a - +0 battleaxe
rCold    . . .     Gourm    .   (shield currently unavailable)
rNeg     . . .     Faith    .   w - +0 shadow dragon scales
rPois    +         Spirit   .   (helmet restricted)
rElec    .         Reflect  .   q - +1 cloak {rPois}
rCorr    .         Harm     .   (no gloves)
MR       .....                  (no boots)
Stlth    ++........             (no amulet)
Regen    0.3/turn               r - +2 ring of slaying
MPRegen  0.2/turn               k - +5 ring of evasion

@: about to teleport, berserk cooldown, slowed, drained, very slow
A: retaliatory headbutt, horns 2
a: Berserk, Trog's Hand, Brothers in Arms, Burn Spellbooks, Renounce Religion


You were on level 9 of the Dungeon.
You worshipped Trog.
Trog was greatly pleased with you.
You were not hungry.

You visited 2 branches of the dungeon, and saw 10 of its levels.

You collected 472 gold pieces.

Inventory:

Hand Weapons
 a - a +0 battleaxe (weapon)
Missiles
 h - 7 javelins of penetration (quivered)
Armour
 q - a +1 cloak of poison resistance (worn)
 w - +0 shadow dragon scales (worn)
Jewellery
 k - a +5 ring of evasion (right hand)
 r - a +2 ring of slaying (left hand)
 z - a cursed -2 ring of evasion
 C - an uncursed ring of stealth
 E - an uncursed ring of protection from cold
Wands
 i - a wand of lightning (5/15)
 s - a wand of scattershot (4/9)
 A - a wand of random effects (24/48)
 B - a wand of confusion (31/48)
 D - a wand of iceblast (10/15)
Scrolls
 b - 2 scrolls of fog
 f - a scroll of identify
 l - 4 scrolls of remove curse
 m - 9 scrolls of teleportation
 o - a scroll of immolation {unknown}
 u - a scroll of magic mapping {unknown}
 y - a scroll of amnesia {unknown}
Potions
 e - a potion of berserk rage
 j - 3 potions of haste
 n - 5 potions of might
 t - a potion of flight
 v - 6 potions of curing
 x - a potion of brilliance {unknown}
Comestibles
 c - 3 bread rations
 d - 5 royal jellies
 g - 6 meat rations
 p - 7 fruits
 F - 2 chunks of flesh


   Skills:
 + Level 12.8(12.6) Fighting
 + Level 12.8(12.6) Axes
 - Level 2.4(2.2) Armour
 - Level 2.1(2.0) Dodging


You had 9 spell levels left.
You didn't know any spells.

Dungeon Overview and Level Annotations

Branches:
Dungeon (9/15)             Temple (1/1) D:7
   Lair: D:8-11         Orc: D:9-12

Altars:
Ashenzari
Cheibriados
Dithmenos
Elyvilon
Fedhas
Gozag
Hepliaklqana
Kikubaaqudgha
Makhleb
Nemelex Xobeh
Okawaru
Qazlal
Ru
Sif Muna
Trog
Uskayaw
Vehumet
Xom
Yredelemnul
Zin
The Shining One

Shops:
D:4 [   D:5 %


Innate Abilities, Weirdness & Mutations

You reflexively headbutt those who attack you in melee.
You have a pair of horns on your head.


Message History

You barely miss the large slime creature.
The large slime creature is moderately wounded.
The wight barely misses you. The large slime creature hits you!!
Two slime creatures merge to form a very large slime creature.
The wight hits you but does no damage.
Unknown command.
You slash the very large slime creature!
You headbutt the very large slime creature!
The very large slime creature is heavily wounded.
The wight hits you but does no damage.
The very large slime creature closely misses you.
You furiously retaliate!
You headbutt the very large slime creature!
Okay, then.
Okay, then.
As you read the scroll of teleportation, it crumbles to dust.
You feel strangely unstable. The wight hits you but does no damage.
The very large slime creature hits you!!!
Ouch! That really hurt!
You die...

# .# ####. #...
.#.####)############
........z)..........
.#.####.##....##########
#@##.##.# #......#
#J##.##.###......(
#.##.##...........
......#######'#...
#.##.. #.#... '..... ##
#.#.#...
#.##......#.#.###'
.......##.#.#.###.
............>.


You could see a very large slime creature and a wight.

Vanquished Creatures
  A two-headed ogre (D:8)
  Pikel (D:7)
  A troll (D:8)
  A slime creature (D:9)
  Sigmund (D:4)
  A hungry ghost (D:9)
  Edmund (D:4)
  A water moccasin (D:8)
  2 sky beasts
  2 slaves (D:7)
  A phantom (D:8)
  An ogre (D:8)
  A necrophage (D:8)
  2 centaurs
  2 bullfrogs
  A gnoll sergeant (D:8)
  2 scorpions
  7 wights (D:9)
  4 howler monkeys
  4 crimson imps
  A quasit (D:7)
  A bullfrog zombie (D:6)
  3 centaur zombies
  2 jellies
  4 orc wizards
  3 orc priests
  A hound (D:2)
  A centaur skeleton (D:6)
  An iguana (D:5)
  9 worker ants
  A killer bee zombie (D:8)
  Robin (D:4)
  6 adders
  6 gnolls
  A howler monkey skeleton (D:4)
  A shadow imp (D:8)
  4 oozes
  An adder skeleton (D:4)
  3 worms
  2 dart slugs
  4 leopard geckos
  13 orcs
  2 giant cockroaches
  6 hobgoblins
  14 jackals
  10 kobolds
  5 quokkas
  4 ball pythons
  9 bats
  6 frilled lizards
  18 goblins
  7 rats
187 creatures vanquished.

Vanquished Creatures (others)
  A slave (D:7)
1 creature vanquished.

Grand Total: 188 creatures vanquished

Notes
Turn   | Place    | Note
-------+----------+-------------------------------------------
     0 | D:1      | vomix the Minotaur Berserker began the quest for the Orb.
     0 | D:1      | Reached XP level 1. HP: 19/19 MP: 0/0
    28 | D:1      | Reached XP level 2. HP: 11/27 MP: 1/1
   591 | D:1      | Reached ** piety under Trog
   593 | D:1      | Reached XP level 3. HP: 24/33 MP: 2/2
  1087 | D:2      | Found a basalt altar of Yredelemnul.
  1180 | D:2      | Reached XP level 4. HP: 32/41 MP: 3/3
  1182 | D:2      | Reached skill level 5 in Fighting
  1182 | D:2      | Reached skill level 5 in Axes
  1418 | D:2      | Found a sparkling altar of Nemelex Xobeh.
  1446 | D:2      | Found a hide-covered altar of Uskayaw.
  1686 | D:2      | Found a deep blue altar of Sif Muna.
  1791 | D:2      | Found a burning altar of Makhleb.
  1949 | D:3      | Reached XP level 5. HP: 31/49 MP: 4/4
  2154 | D:3      | Reached *** piety under Trog
  2365 | D:3      | Found a bloodstained altar of Trog.
  2669 | D:4      | Noticed Robin
  2673 | D:4      | Reached XP level 6. HP: 57/57 MP: 5/5
  2682 | D:4      | Killed Robin
  2835 | D:4      | Noticed Sigmund
  2882 | D:4      | Killed Sigmund
  2949 | D:4      | Noticed Edmund
  2961 | D:4      | Killed Edmund
  2961 | D:4      | Reached XP level 7. HP: 66/66 MP: 6/6
  2993 | D:4      | Found a hazy altar of Hepliaklqana.
  3110 | D:4      | Found a sacrificial altar of Ru.
  3241 | D:4      | Found Nuleob's Antique Armour Shop.
  3393 | D:5      | Entered Level 5 of the Dungeon
  3583 | D:5      | Received a gift from Trog
  3907 | D:5      | Found Guad's Food Shoppe.
  3992 | D:5      | Found a burning altar of Makhleb.
  4000 | D:5      | Found a shimmering altar of Xom.
  4000 | D:5      | Found an ancient bone altar of Kikubaaqudgha.
  4006 | D:5      | Found a glowing golden altar of the Shining One.
  4006 | D:5      | Found a radiant altar of Vehumet.
  4006 | D:5      | Found an opulent altar of Gozag.
  4375 | D:6      | Reached XP level 8. HP: 77/77 MP: 7/7
  4704 | D:6      | Found an ancient bone altar of Kikubaaqudgha.
  4758 | D:6      | Reached **** piety under Trog
  4810 | D:6      | Got a jewelled whip
  4932 | D:6      | Identified the +6 whip of Harmony {freeze, rElec Int+5} (You found it on level 6 of the Dungeon)
  5047 | D:7      | Noticed Pikel
  5057 | D:7      | Killed Pikel
  5057 | D:7      | Reached skill level 10 in Fighting
  5057 | D:7      | Reached skill level 10 in Axes
  5190 | D:7      | Found a staircase to the Ecumenical Temple.
  5199 | Temple   | Entered the Ecumenical Temple
  5548 | D:7      | Found an iron altar of Okawaru.
  5821 | D:7      | Reached XP level 9. HP: 86/86 MP: 8/8
  6007 | D:8      | Noticed a troll
  6015 | D:8      | Killed a troll
  6024 | D:8      | Noticed a two-headed ogre
  6340 | D:8      | Killed a two-headed ogre
  6782 | D:8      | Found a shadowy altar of Dithmenos.
  6986 | D:8      | Reached XP level 10. HP: 84/99 MP: 9/9
  7415 | D:9      | Mangled by a very large slime creature

Skill      XL: |  1  2  3  4  5  6  7  8  9 |
---------------+----------------------------+-----
Axes           | 4 5 6 7 8 10 12 | 12.8
Fighting       | 4 5 6 7 8 10 12 | 12.8
Armour         | |  2.4
Dodging        | |  2.1

Action                   |  1- 3 |  4- 6 |  7- 9 | 10-12 || total
-------------------------+-------+-------+-------+-------++-------
Melee: Hand axe          |    86 |    99 |    67 |       ||   252
       Headbutt          |    11 |    23 |    37 |    12 ||    83
       Battleaxe         |       |       |   113 |    41 ||   154
Invok: Berserk           |       |     3 |     3 |     1 ||     7
       Trog's Hand       |       |     3 |     2 |     1 ||     6
       Burn Spellbooks   |       |       |       |     1 ||     1
  Use: Potion            |       |     1 |     1 |       ||     2
       Scroll            |       |     5 |     8 |     1 ||    14
 Stab: Sleeping          |     1 |     1 |     8 |       ||    10
       Distracted        |       |     1 |       |       ||     1
  Eat: Chunk             |     1 |     8 |    18 |     2 ||    29
       Bread ration      |       |       |       |     1 ||     1
Armor: Animal skin       |    13 |     3 |       |       ||    16
       Ring mail         |       |    17 |       |       ||    17
       Scale mail        |       |     9 |     2 |       ||    11
       Shadow dragon sca |       |       |    71 |    23 ||    94
Dodge: Dodged            |    67 |    73 |   129 |    33 ||   302
